 Dungeon Crawl Stone Soup version 0.24.0-10-g970556be89 (webtiles) character file.

Game seed: 17192093803985663335, levelgen mode: deterministic

6052 MirrMurr the Markscentaur (level 10, -1/136 HPs)
             Began as a Centaur Hunter on Nov 3, 2019.
             Was a Priest of Trog.
             Slain by a hornet (11 damage)
             ... on level 8 of the Dungeon.
             The game lasted 00:24:48 (11114 turns).

MirrMurr the Markscentaur (Centaur Hunter)         Turns: 11114, Time: 00:24:49

Health: -1/136     AC: 17    Str: 23    XL:     10   Next: 57%
Magic:  10/10      EV:  6    Int: 10    God:    Trog [***...]
Gold:   333        SH:  0    Dex: 13    Spells: 9/9 levels left

rFire    . . .     SeeInvis .   b - +2 short sword (speed)
rCold    + . .     Gourm    .   (no shield)
rNeg     . . .     Faith    .   w - +0 scale mail
rPois    .         Spirit   .   o - +0 helmet
rElec    .         Reflect  .   l - +1 cloak
rCorr    .         Harm     .   c - +1 pair of gloves
MR       .....                  C - +2 centaur barding
Stlth    ..........             (no amulet)
HPRegen  0.32/turn              m - +3 ring of dexterity
MPRegen  0.12/turn              t - ring of protection from cold

@: berserking, lethally poisoned (-1 -> -13), slowed, very quick
A: large, hooves 3, deformed body, speed 2, tough skin 3
a: Berserk, Trog's Hand, Renounce Religion


You were on level 8 of the Dungeon.
You worshipped Trog.
Trog was most pleased with you.
You were hungry.

You visited 2 branches of the dungeon, and saw 10 of its levels.

You collected 459 gold pieces.
You spent 126 gold pieces at shops.

Inventory:

Hand Weapons
 a - a +0 longbow
 b - a +2 short sword of speed (weapon)
 k - a +0 flail of protection
Missiles
 d - 169 arrows
 e - 2 curare-tipped darts (quivered)
 j - 276 stones
Armour
 c - a +1 pair of gloves (worn)
 l - a +1 cloak (worn)
 o - a +0 helmet (worn)
 w - a +0 scale mail (worn)
 C - a +2 centaur barding (worn)
Jewellery
 m - a +3 ring of dexterity (left hand)
 t - a ring of protection from cold (right hand)
Wands
 q - a wand of flame (17)
 y - a wand of acid (3)
 A - a wand of paralysis (6)
 B - a wand of random effects (11)
 K - a wand of digging (2)
Scrolls
 p - a scroll of silence
 r - 4 scrolls of remove curse
 s - 5 scrolls of teleportation
 u - a scroll of fog
Potions
 g - 2 potions of mutation
 n - 2 potions of might
 v - 6 potions of curing
 D - a potion of ambrosia
 F - a potion of flight
 J - a potion of agility
Comestibles
 f - 14 rations


   Skills:
 + Level 9.5 Fighting
 * Level 16.5 Bows
 - Level 1.3 Dodging
 - Level 0.4 Stealth


You had 9 spell levels left.
You didn't know any spells.
Your spell library was empty.

Dungeon Overview and Level Annotations

Branches:
Dungeon (9/15)             Temple (1/1) D:4
   Lair: D:8-11         Orc: D:9-12

Altars:
Ashenzari
Cheibriados
Dithmenos
Elyvilon
Fedhas
Gozag
Kikubaaqudgha
Makhleb
Nemelex Xobeh
Okawaru
Qazlal
Ru
Sif Muna
Trog
Uskayaw
Vehumet
Wu Jian
Xom
Yredelemnul
Zin
The Shining One
Lugonu

Shops:
D:5 (   D:7 *

Annotations:
D:2 Sigmund
D:6 Prince Ribbit
D:7 exclusion: downstairs


Innate Abilities, Weirdness & Mutations

You have hooves in place of feet.
Armour fits poorly on your strangely shaped body.
You cover ground very quickly.
You have extremely tough skin. (AC +3)


Message History

* * * LOW HITPOINT WARNING * * *
You are more poisoned.
You feel as though you will be slow longer.
The hornet stings you.
* * * LOW HITPOINT WARNING * * *
You suddenly lose the ability to move!
The hornet stings you.
* * * LOW HITPOINT WARNING * * *
You feel as though you will be slow longer.
You can move again.
Okay, then.
A red film seems to cover your vision as you go berserk!
You feel yourself moving faster!
You feel mighty!
You are feeling hungry.
You feel very sick. The hornet closely misses you.
The hornet stings you but does no damage.
The hornet stings you!
* * * LOW HITPOINT WARNING * * *
You shrug off the repeated paralysis!
The hornet stings you!
You die...

#≈#_#≈##...............[###...###
# ###≈#####...........#.#≈≈...≈≈#
≈≈##.......#.###..#.#≈..♣..≈#
######......#.####..).........
#####..#..###.#...♣._.♣..
##...............)...
##...........#≈..♣..≈#
##....y.......#≈≈...≈≈#
#....y@.......###...###
####..............###.....
#.........................
#...............###...#..#
###########.........##.....#....#
........(............#..##......#
...§§......#.......).............
....##..........................#
...#§#...........................


You could see 2 hornets.

Vanquished Creatures
  A two-headed ogre (D:8)
  Joseph (D:6)
  Maurice (D:8)
  Grinder (D:4)
  2 yaks (D:8)
  Duvessa (D:4)
  2 water moccasins
  A black bear (D:7)
  3 orc warriors
  2 sky beasts
  5 ice beasts
  2 wolves (D:8)
  2 phantoms (D:5)
  4 centaurs
  5 ogres
  A big kobold (D:7)
  4 bullfrogs
  A scorpion (D:6)
  Dowan (D:4)
  A water moccasin skeleton (D:5)
  5 killer bees (D:8)
  An electric eel (D:8)
  A jelly (D:8)
  A quasit (D:3)
  A crimson imp (D:1)
  A bullfrog zombie (D:8)
  2 centaur zombies
  5 hounds
  8 orc wizards
  A bullfrog skeleton (D:7)
  An iguana (D:6)
  Natasha (D:4)
  2 worker ants
  A killer bee zombie (D:8)
  3 hound zombies
  2 hound skeletons
  Robin (D:1)
  2 worker ant zombies (D:5)
  8 adders
  11 gnolls
  A howler monkey skeleton (D:6)
  3 white imps (D:8)
  2 ufetubi (D:8)
  An ooze (D:4)
  An adder zombie (D:5)
  2 dart slugs
  6 leopard geckos
  17 orcs
  A bat zombie (D:1)
  6 giant cockroaches
  13 goblins
  14 hobgoblins
  16 jackals
  11 kobolds
  2 quokkas
  A ball python (D:4)
  A ball python zombie (D:1)
  5 bats
  5 frilled lizards
  A leopard gecko zombie (D:5)
  A quokka zombie (D:8)
  6 rats
215 creatures vanquished.

Vanquished Creatures (others)
  A quokka (D:8)
1 creature vanquished.

Grand Total: 216 creatures vanquished

Notes
Turn   | Place    | Note
-------+----------+-------------------------------------------
     0 | D:1      | MirrMurr the Centaur Hunter began the quest for the Orb.
     0 | D:1      | Reached XP level 1. HP: 17/17 MP: 1/1
   190 | D:1      | Reached XP level 2. HP: 16/24 MP: 2/2
   559 | D:1      | Reached skill level 6 in Bows
  1256 | D:1      | Reached XP level 3. HP: 28/30 MP: 3/3
  1683 | D:2      | Reached XP level 4. HP: 11/37 MP: 4/4
  1936 | D:2      | Reached skill level 7 in Bows
  2268 | D:2      | Noticed Robin
  2502 | D:1      | Killed Robin
  2502 | D:1      | Reached XP level 5. HP: 37/45 MP: 5/5
  2618 | D:2      | Found a glowing golden altar of the Shining One.
  2686 | D:2      | Noticed Sigmund
  3255 | D:2      | Reached skill level 8 in Bows
  4168 | D:3      | Reached XP level 6. HP: 52/52 MP: 6/6
  4278 | D:3      | Found a stormy altar of Qazlal.
  4284 | D:3      | Found a sparkling altar of Nemelex Xobeh.
  4287 | D:3      | Found a bloodstained altar of Trog.
  4291 | D:3      | Became a worshipper of Trog the Wrathful
  4632 | D:4      | Noticed Grinder
  4750 | D:4      | Noticed Duvessa
  4750 | D:4      | Noticed Dowan
  4787 | D:4      | Killed Duvessa
  4787 | D:4      | Reached skill level 9 in Bows
  4902 | D:4      | Killed Dowan
  5022 | D:4      | Found an ornate altar of the Wu Jian Council.
  5301 | D:4      | Found a staircase to the Ecumenical Temple.
  5309 | Temple   | Entered the Ecumenical Temple
  5402 | D:4      | Paralysed by Grinder for 7 turns
  5430 | D:4      | Killed Grinder
  5430 | D:4      | Reached skill level 10 in Bows
  5430 | D:4      | Reached XP level 7. HP: 37/60 MP: 7/7
  5611 | D:4      | Noticed Natasha
  5620 | D:4      | Killed Natasha
  5776 | D:5      | Entered Level 5 of the Dungeon
  5848 | D:5      | Reached skill level 5 in Fighting
  5965 | D:5      | Reached * piety under Trog
  6314 | D:5      | Reached skill level 11 in Bows
  6377 | D:5      | Found Leveguer's Antique Weapon Shop.
  6387 | D:5      | Reached XP level 8. HP: 70/70 MP: 8/8
  6469 | D:5      | Bought a longbow for 126 gold pieces
  6817 | D:6      | Found a shattered altar of Ashenzari.
  7190 | D:6      | Noticed Prince Ribbit
  7420 | D:6      | Reached skill level 12 in Bows
  7827 | D:6      | Found a shattered altar of Ashenzari.
  8205 | D:7      | Noticed Joseph
  8397 | D:6      | Killed Joseph
  8397 | D:6      | Reached skill level 13 in Bows
  8397 | D:6      | Reached XP level 9. HP: 13/79 MP: 9/9
  8709 | D:7      | Found a sacrificial altar of Ru.
  8728 | D:7      | Found a burning altar of Makhleb.
  8737 | D:7      | Found a snail-covered altar of Cheibriados.
  8807 | D:7      | Reached ** piety under Trog
  8979 | D:7      | Reached skill level 14 in Bows
  9008 | D:7      | Found Zin's Purification Station.
  9012 | D:7      | Found a glowing silver altar of Zin.
  9540 | D:8      | Reached skill level 15 in Bows
  9762 | D:8      | Noticed a two-headed ogre
  9766 | D:8      | Killed a two-headed ogre
  9766 | D:8      | Reached XP level 10. HP: 90/90 MP: 10/10
  9955 | D:8      | Reached *** piety under Trog
 10417 | D:8      | Reached skill level 16 in Bows
 10451 | D:8      | Found a white marble altar of Elyvilon.
 10497 | D:8      | Received a gift from Trog
 10673 | D:8      | Noticed Maurice
 10726 | D:8      | Found a shadowy altar of Dithmenos.
 10746 | D:8      | Killed Maurice
 10961 | D:8      | Found a shimmering altar of Xom.
 11098 | D:9      | Paralysed by a hornet for 3 turns
 11111 | D:8      | HP: 4/91 [hornet (10)]
 11113 | D:8      | Paralysed by a hornet for 1 turns
 11114 | D:8      | Slain by a hornet

Levels and vault maps discovered:
D:1:      saegor_arrival_fortress, layout_basic
D:2:      layout_loops_corners, tso_altar, kennysheep_generic_room_6,
          uniq_robin, uniq_sigmund
D:3:      layout_basic, grunt_temple_overflow_diamond, first_ration
D:4:      layout_basic, marbit_many_paths, minmay_temple_entry_glassed_door,
          uniq_natasha, uniq_grinder, uniq_duvessa
D:5:      layout_loops_corners, serial_undead, serial_undead_f, serial_undead_f,
          serial_undead_a, serial_undead_c, serial_shops,
          nicolae_shop_overgrown_old_shop
D:6:      layout_cave_pods, ashenzari_conservatory_becter, serial_column_ruins,
          column_ruins_hut, column_ruins_hut, column_ruins_grid_1,
          column_ruins_grid_4, column_ruins_open_tiny, column_ruins_open_small,
          column_ruins_grid_2, uniq_prince_ribbit1
D:7:      layout_rooms, grunt_temple_overflow_open, zin_purify, uniq_joseph
D:8:      layout_rooms, elyvilon_altar_4, kennysheep_little_box,
          kennysheep_mini_moat, serial_ice, serial_ice_j, serial_ice_h,
          serial_ice_o, serial_ice_c, serial_ice_g, serial_ice_b, serial_ice_a,
          uniq_maurice
D:9:      layout_irregular_city, old_standard_altar, serial_shops, shop,
          hangedman_pestilent_swarm, hangedman_decor_growths
Temple:   corrupted_temple

Skill      XL: |  1  2  3  4  5  6  7  8  9 10 |
---------------+-------------------------------+-----
Bows           | 6 7 8 10 11 13 15 16 | 16.5
Fighting       | 3 4 5 7 8 9 |  9.5
Dodging        | |  1.3
Stealth        | |  0.4

Action                   |  1- 3 |  4- 6 |  7- 9 | 10-12 || total
-------------------------+-------+-------+-------+-------++-------
Melee: Short sword       |   123 |   166 |    84 |     6 ||   379
       Kick              |    21 |    38 |    22 |     4 ||    85
       Flail             |       |       |     2 |       ||     2
 Fire: Shortbow          |       |    86 |    59 |       ||   145
       Longbow           |       |       |   259 |   113 ||   372
Invok: Berserk           |       |       |       |     1 ||     1
  Use: Scroll            |       |    11 |     9 |     4 ||    24
       Potion            |       |       |     1 |     4 ||     5
  Eat: Chunk             |     1 |    10 |     8 |     3 ||    22
       Ration            |       |       |     1 |       ||     1
Armor: Leather armour    |    24 |       |       |       ||    24
       Ring mail         |    31 |    78 |       |       ||   109
       Scale mail        |       |    10 |   120 |    58 ||   188
Dodge: Dodged            |    61 |    86 |    55 |    33 ||   235
